[ AOE2 MATCH · #459667043 ]
UnrankedBohemians vs Bohemians
[ REPLAY ANALYSIS · EXTRACTED FROM THE RECORDED GAME ]
Feudal
11:32
Castle
15:38
Imperial
30:03
| APM avg | 28.8 |
| APM peak | 55 |
| eAPM avg | 17.2 |
| Villagers / military | 141 / 46 |
Focus
⚔️ 27.5% · 🌾 72.5%
Spearman ×37 · Hussite Wagon ×3 · Bombard Cannon ×3 · Militia ×2 · Scorpion ×1
Feudal
10:55
Castle
14:57
Imperial
30:14
| APM avg | 23.4 |
| APM peak | 40 |
| eAPM avg | 15.6 |
| Villagers / military | 107 / 11 |
Focus
⚔️ 17.3% · 🌾 82.7%
Mangonel ×9 · Monk ×2
Feudal
10:59
Castle
15:34
Imperial
26:49
| APM avg | 33.6 |
| APM peak | 59 |
| eAPM avg | 24.4 |
| Villagers / military | 101 / 57 |
Focus
⚔️ 21.4% · 🌾 78.6%
Hand Cannoneer ×44 · Battering Ram ×5 · Bombard Cannon ×4 · Hussite Wagon ×3 · Trebuchet (Packed) ×1
Feudal
9:53
Castle
21:19
Imperial
—
| APM avg | 73.6 |
| APM peak | 139 |
| eAPM avg | 31.3 |
| Villagers / military | 110 / 110 |
Focus
⚔️ 22.9% · 🌾 77.1%
Steppe Lancer ×110
Feudal
11:08
Castle
14:41
Imperial
28:41
| APM avg | 34.3 |
| APM peak | 59 |
| eAPM avg | 17.6 |
| Villagers / military | 190 / 68 |
Focus
⚔️ 29.6% · 🌾 70.4%
Bolas Rider ×56 · Skirmisher ×10 · Monk ×2
Feudal
15:10
Castle
20:43
Imperial
—
| APM avg | 40.6 |
| APM peak | 73 |
| eAPM avg | 25.6 |
| Villagers / military | 111 / 6 |
Focus
⚔️ 31.3% · 🌾 68.7%
Unknown (2579) ×32 · Monk ×4 · Unknown (2550) ×4 · Petard ×2 · Trade Cart ×1
Feudal
18:20
Castle
21:52
Imperial
—
| APM avg | 28.3 |
| APM peak | 75 |
| eAPM avg | 15.5 |
| Villagers / military | 52 / 8 |
Focus
⚔️ 21.0% · 🌾 79.0%
Shotel Warrior ×6 · Battering Ram ×2
Feudal
9:40
Castle
13:24
Imperial
24:39
| APM avg | 39.9 |
| APM peak | 81 |
| eAPM avg | 26.9 |
| Villagers / military | 165 / 103 |
Focus
⚔️ 33.5% · 🌾 66.5%
Flemish Militia ×80 · Bombard Cannon ×19 · Monk ×3 · Battering Ram ×1
Match map
Initial resources + every placement click. Lines = walls · curves = elevation contours. ◆ gold · ⬟ stone · ● berries · ✦ relic · ◌ wall gap
Your base· ✓ Closed at 15:38 · 36t walls · 1 gate(s)
113152737's base· ✓ Closed at 14:57 · 60t walls · no gate
介之谜's base· ✓ Closed at 15:34 · 28t walls · no gate
yesila's base· ✓ Closed at 21:19 · 13t walls · 1 gate(s)
Flowren's base· ✓ Closed at 14:41 · 0t walls · no gate
摸鱼's base· ✓ Closed at 20:43 · 50t walls · 1 gate(s)
Stanislav's base· ✓ Closed at 21:52 · 13t walls · no gate
Prigozhin's base· ✓ Closed at 13:24 · 0t walls · no gate
Smoothed initial terrain · ◌ = detected wall gap · hover for details
Inputs per minute
— CosmicLarva - - 113152737
Build order — CosmicLarva
First 150 of 303 actions detected
| 0:03 | Build | House |
| 0:05 | Build | House |
| 0:05 | Create | Villager (Male) |
| 0:06 | Create | Villager (Male) |
| 0:06 | Create | Villager (Male) |
| 0:06 | Create | Villager (Male) |
| 0:47 | Research | Loom |
| 1:06 | Create | Villager (Male) |
| 1:07 | Create | Villager (Male) |
| 1:07 | Create | Villager (Male) |
| 1:22 | Build | Palisade Wall |
| 1:48 | Create | Villager (Male) |
| 2:21 | Create | Villager (Male) |
| 3:07 | Create | Villager (Male) |
| 3:09 | Build | Lumber Camp |
| 3:24 | Build | House |
| 3:27 | Create | Villager (Male) |
| 3:43 | Create | Villager (Male) |
| 4:16 | Create | Villager (Male) |
| 4:37 | Create | Villager (Male) |
| 4:45 | Build | House |
| 5:11 | Create | Villager (Male) |
| 5:22 | Build | Palisade Wall |
| 5:24 | Build | Palisade Wall |
| 5:30 | Create | Villager (Male) |
| 5:57 | Create | Villager (Male) |
| 6:03 | Build | House |
| 6:06 | Build | Palisade Wall |
| 6:10 | Create | Villager (Male) |
| 6:40 | Build | Mill |
| 6:50 | Create | Villager (Male) |
| 7:08 | Create | Villager (Male) |
| 7:21 | Create | Villager (Male) |
| 7:37 | Create | Villager (Male) |
| 8:04 | Create | Villager (Male) |
| 8:32 | Create | Villager (Male) |
| 9:03 | Research | Feudal Age |
| 9:06 | Build | Mining Camp |
| 9:07 | Create | Villager (Male) |
| 11:32 | Age | Feudal Age |
| 11:36 | Build | Stone Wall |
| 11:38 | Build | Gate |
| 11:39 | Create | Villager (Male) |
| 11:39 | Create | Villager (Male) |
| 11:50 | Build | Market |
| 11:52 | Build | Blacksmith |
| 11:54 | Create | Villager (Male) |
| 11:56 | Create | Villager (Male) |
| 11:56 | Create | Villager (Male) |
| 12:26 | Build | Farm |
| 12:33 | Build | Farm |
| 12:48 | Build | Farm |
| 12:58 | Research | Castle Age |
| 13:18 | Build | Stone Wall |
| 13:21 | Build | Stone Wall |
| 13:37 | Build | Farm |
| 14:08 | Research | Double-Bit Axe |
| 14:28 | Build | House |
| 14:29 | Build | House |
| 14:57 | Build | Farm |
| 14:59 | Build | Farm |
| 15:33 | Create | Villager (Male) |
| 15:38 | Age | Castle Age |
| 15:43 | Create | Villager (Male) |
| 15:56 | Build | Town Center |
| 15:58 | Create | Villager (Male) |
| 16:10 | Build | Town Center |
| 16:12 | Create | Villager (Male) |
| 16:15 | Build | House |
| 16:16 | Build | House |
| 16:17 | Create | Villager (Male) |
| 16:33 | Create | Villager (Male) |
| 16:50 | Create | Villager (Male) |
| 17:00 | Build | House |
| 17:01 | Build | House |
| 17:20 | Create | Villager (Male) |
| 17:27 | Create | Villager (Male) |
| 17:28 | Create | Villager (Male) |
| 17:40 | Research | Bow Saw |
| 17:44 | Create | Villager (Male) |
| 17:44 | Create | Villager (Male) |
| 17:58 | Create | Villager (Male) |
| 18:03 | Create | Villager (Male) |
| 18:09 | Research | Horse Collar |
| 18:16 | Build | Farm |
| 18:17 | Build | Farm |
| 18:25 | Build | Farm |
| 18:28 | Build | Farm |
| 18:30 | Create | Villager (Male) |
| 18:34 | Create | Villager (Male) |
| 18:34 | Create | Villager (Male) |
| 18:35 | Create | Villager (Male) |
| 18:39 | Build | House |
| 18:39 | Build | House |
| 18:46 | Build | Farm |
| 18:58 | Create | Villager (Male) |
| 19:05 | Build | Farm |
| 19:06 | Build | Farm |
| 19:06 | Build | Farm |
| 19:11 | Create | Villager (Male) |
| 19:12 | Create | Villager (Male) |
| 19:12 | Create | Villager (Male) |
| 19:12 | Create | Villager (Male) |
| 19:15 | Build | Farm |
| 19:27 | Create | Villager (Male) |
| 19:36 | Build | Mining Camp |
| 19:39 | Build | Farm |
| 19:40 | Create | Villager (Male) |
| 19:45 | Build | House |
| 19:48 | Build | House |
| 19:50 | Build | Farm |
| 19:53 | Create | Villager (Male) |
| 20:03 | Build | Farm |
| 20:06 | Create | Villager (Male) |
| 20:06 | Create | Villager (Male) |
| 20:06 | Create | Villager (Male) |
| 20:13 | Build | Farm |
| 20:18 | Build | Farm |
| 20:20 | Create | Villager (Male) |
| 20:29 | Research | Wheelbarrow |
| 20:29 | Research | Wheelbarrow |
| 20:36 | Build | Farm |
| 20:37 | Create | Villager (Male) |
| 20:45 | Build | House |
| 20:47 | Build | House |
| 20:48 | Create | Villager (Male) |
| 20:54 | Build | Farm |
| 20:57 | Create | Villager (Male) |
| 21:03 | Create | Villager (Male) |
| 21:13 | Build | Farm |
| 21:14 | Build | Farm |
| 21:14 | Build | Farm |
| 21:14 | Build | Farm |
| 21:15 | Build | Farm |
| 21:28 | Research | Heavy Plow |
| 21:29 | Create | Villager (Male) |
| 21:29 | Create | Villager (Male) |
| 21:36 | Create | Villager (Male) |
| 21:42 | Create | Villager (Male) |
| 21:47 | Build | Farm |
| 21:48 | Create | Villager (Male) |
| 21:52 | Build | House |
| 21:59 | Create | Villager (Male) ×2 |
| 22:02 | Build | House |
| 22:04 | Create | Villager (Male) |
| 22:11 | Create | Villager (Male) |
| 22:14 | Build | Farm |
| 22:15 | Create | Villager (Male) |
| 22:28 | Create | Villager (Male) |
| 22:33 | Create | Villager (Male) |
Build order — 113152737
First 150 of 268 actions detected
| 0:01 | Create | Villager (Male) |
| 0:02 | Create | Villager (Male) |
| 0:03 | Build | House |
| 0:19 | Create | Villager (Male) |
| 0:19 | Create | Villager (Male) |
| 0:20 | Create | Villager (Male) |
| 0:40 | Build | Palisade Wall |
| 0:42 | Build | Palisade Wall |
| 1:35 | Create | Villager (Male) |
| 1:36 | Create | Villager (Male) |
| 1:36 | Create | Villager (Male) |
| 2:09 | Build | Lumber Camp |
| 2:15 | Create | Villager (Male) |
| 2:15 | Create | Villager (Male) |
| 2:47 | Create | Villager (Male) |
| 2:48 | Create | Villager (Male) |
| 2:48 | Create | Villager (Male) |
| 2:51 | Build | House |
| 2:55 | Research | Loom |
| 2:55 | Research | Loom |
| 3:01 | Create | Villager (Male) |
| 3:02 | Create | Villager (Male) |
| 3:16 | Create | Villager (Male) |
| 3:16 | Create | Villager (Male) |
| 3:37 | Create | Villager (Male) |
| 3:37 | Create | Villager (Male) |
| 4:10 | Create | Villager (Male) |
| 4:10 | Create | Villager (Male) |
| 4:11 | Create | Villager (Male) |
| 4:25 | Build | House |
| 4:42 | Create | Villager (Male) |
| 4:42 | Create | Villager (Male) |
| 5:15 | Create | Villager (Male) |
| 5:15 | Create | Villager (Male) |
| 5:15 | Create | Villager (Male) |
| 5:15 | Create | Villager (Male) |
| 5:37 | Create | Villager (Male) |
| 5:38 | Create | Villager (Male) |
| 5:56 | Build | Palisade Wall |
| 5:59 | Build | Palisade Wall |
| 6:11 | Build | House |
| 6:42 | Create | Villager (Male) |
| 6:50 | Create | Villager (Male) |
| 7:05 | Create | Villager (Male) |
| 7:34 | Create | Villager (Male) |
| 8:01 | Build | Mill |
| 8:12 | Build | Palisade Wall |
| 8:42 | Research | Feudal Age |
| 8:42 | Research | Feudal Age |
| 9:12 | Build | Palisade Wall |
| 9:13 | Build | Palisade Wall |
| 9:18 | Build | Palisade Wall |
| 9:43 | Build | Mining Camp |
| 10:47 | Create | Villager (Male) |
| 10:48 | Create | Villager (Male) |
| 10:55 | Age | Feudal Age |
| 10:58 | Create | Villager (Male) |
| 11:01 | Build | Stone Wall |
| 11:05 | Build | Stone Wall |
| 11:15 | Build | Market |
| 11:17 | Build | Blacksmith |
| 11:26 | Build | Stone Wall |
| 11:38 | Build | Stone Wall |
| 12:17 | Research | Castle Age |
| 12:18 | Research | Castle Age |
| 12:42 | Build | Stone Wall |
| 12:45 | Build | Stone Wall |
| 13:01 | Research | Double-Bit Axe |
| 13:01 | Research | Double-Bit Axe |
| 13:11 | Build | Stone Wall |
| 13:12 | Build | Stone Wall |
| 13:16 | Build | Stone Wall |
| 13:27 | Build | House |
| 14:47 | Create | Villager (Male) |
| 14:54 | Create | Villager (Male) |
| 14:57 | Age | Castle Age |
| 15:00 | Create | Villager (Male) |
| 15:30 | Build | Town Center |
| 15:43 | Build | House |
| 15:54 | Create | Villager (Male) |
| 16:07 | Research | Bow Saw |
| 16:07 | Research | Bow Saw |
| 16:12 | Research | Horse Collar |
| 16:12 | Research | Horse Collar |
| 16:24 | Build | Monastery |
| 16:26 | Create | Villager (Male) |
| 16:39 | Build | House |
| 16:39 | Create | Villager (Male) |
| 16:47 | Create | Villager (Male) |
| 16:52 | Create | Villager (Male) |
| 16:53 | Create | Villager (Male) |
| 16:58 | Build | Farm |
| 17:00 | Build | Farm |
| 17:05 | Create | Villager (Male) |
| 17:08 | Build | House |
| 17:23 | Create | Villager (Male) |
| 17:31 | Build | Farm |
| 17:33 | Build | Farm |
| 17:36 | Create | Monk |
| 17:41 | Create | Villager (Male) |
| 17:42 | Create | Villager (Male) |
| 17:58 | Build | House |
| 18:00 | Create | Villager (Male) |
| 18:19 | Build | Town Center |
| 18:30 | Build | Stone Wall |
| 18:41 | Build | Stone Wall |
| 18:46 | Build | Stone Wall |
| 18:47 | Create | Villager (Male) |
| 18:48 | Create | Villager (Male) |
| 18:51 | Build | Farm |
| 19:02 | Create | Villager (Male) |
| 19:06 | Create | Monk |
| 19:15 | Create | Villager (Male) |
| 19:22 | Build | Farm |
| 19:26 | Build | Farm |
| 19:31 | Build | Farm |
| 19:42 | Build | House |
| 19:47 | Create | Villager (Male) |
| 19:48 | Create | Villager (Male) |
| 19:55 | Build | House |
| 19:59 | Build | Farm |
| 20:06 | Create | Villager (Male) |
| 20:13 | Create | Villager (Male) |
| 20:15 | Create | Villager (Male) |
| 20:18 | Build | Farm |
| 20:21 | Build | Farm |
| 20:24 | Create | Villager (Male) |
| 20:25 | Create | Villager (Male) |
| 20:30 | Build | Farm |
| 20:31 | Build | Farm |
| 20:42 | Create | Villager (Male) |
| 20:47 | Build | House |
| 20:49 | Create | Villager (Male) |
| 20:51 | Build | Farm |
| 21:01 | Build | Farm |
| 21:02 | Create | Villager (Male) |
| 21:06 | Build | House |
| 21:11 | Create | Villager (Male) |
| 21:17 | Build | Farm |
| 21:25 | Build | Stone Wall |
| 21:30 | Build | Farm |
| 21:36 | Create | Villager (Male) |
| 21:39 | Build | House |
| 21:42 | Build | Farm |
| 21:46 | Build | Farm |
| 21:48 | Create | Villager (Male) |
| 21:49 | Create | Villager (Male) |
| 21:57 | Create | Villager (Male) |
| 22:01 | Build | Farm |
| 22:02 | Build | Farm |
Build order — 介之谜
First 150 of 221 actions detected
| 0:02 | Create | Villager (Male) ×4 |
| 0:05 | Build | House |
| 0:08 | Build | House |
| 0:17 | Research | Loom |
| 0:18 | Create | Villager (Male) ×2 |
| 0:18 | Create | Villager (Male) ×2 |
| 0:44 | Build | Palisade Wall |
| 1:38 | Build | Palisade Wall |
| 1:43 | Build | Palisade Wall |
| 1:46 | Create | Villager (Male) |
| 1:47 | Create | Villager (Male) |
| 2:32 | Build | House |
| 2:36 | Create | Villager (Male) |
| 2:37 | Create | Villager (Male) |
| 3:14 | Create | Villager (Male) |
| 3:15 | Create | Villager (Male) |
| 3:32 | Create | Villager (Male) |
| 3:33 | Create | Villager (Male) |
| 3:44 | Build | Lumber Camp |
| 3:51 | Create | Villager (Male) |
| 4:17 | Create | Villager (Male) |
| 4:17 | Create | Villager (Male) |
| 4:49 | Create | Villager (Male) ×2 |
| 4:49 | Create | Villager (Male) ×2 |
| 5:02 | Create | Villager (Male) |
| 5:02 | Create | Villager (Male) |
| 5:10 | Build | House |
| 5:23 | Create | Villager (Male) |
| 5:23 | Create | Villager (Male) |
| 5:34 | Build | House |
| 6:02 | Create | Villager (Male) ×2 |
| 6:19 | Build | House |
| 6:25 | Create | Villager (Male) |
| 6:25 | Create | Villager (Male) |
| 6:51 | Build | House |
| 6:59 | Create | Villager (Male) |
| 7:37 | Build | Mining Camp |
| 7:44 | Create | Villager (Male) |
| 7:55 | Build | Mill |
| 8:49 | Research | Feudal Age |
| 9:42 | Create | Villager (Male) |
| 9:57 | Build | Mill |
| 10:59 | Age | Feudal Age |
| 11:07 | Build | Stone Wall |
| 11:11 | Build | Blacksmith |
| 11:18 | Build | Stone Wall |
| 11:21 | Create | Villager (Male) |
| 11:51 | Create | Villager (Male) |
| 12:07 | Build | Market |
| 12:17 | Create | Villager (Male) |
| 12:29 | Build | Mining Camp |
| 12:54 | Research | Castle Age |
| 13:42 | Research | Double-Bit Axe |
| 13:50 | Build | Lumber Camp |
| 13:59 | Build | Farm |
| 14:02 | Create | Villager (Male) |
| 14:31 | Create | Villager (Male) |
| 15:01 | Research | Horse Collar |
| 15:31 | Build | Farm |
| 15:31 | Build | Farm |
| 15:32 | Build | Farm |
| 15:34 | Age | Castle Age |
| 15:47 | Build | House |
| 15:52 | Create | Villager (Male) |
| 16:03 | Build | Farm |
| 16:34 | Build | Castle |
| 16:42 | Create | Villager (Male) |
| 16:49 | Build | Farm |
| 16:56 | Create | Villager (Male) |
| 17:15 | Build | Farm |
| 17:15 | Build | Farm |
| 17:28 | Create | Villager (Male) |
| 17:51 | Build | Farm |
| 17:52 | Build | Farm |
| 17:53 | Build | Farm |
| 17:57 | Create | Villager (Male) |
| 18:08 | Create | Villager (Male) |
| 18:21 | Research | Bow Saw |
| 18:36 | Build | Farm |
| 18:47 | Create | Villager (Male) |
| 19:06 | Build | Town Center |
| 19:13 | Build | Town Center |
| 19:18 | Create | Villager (Male) |
| 19:38 | Build | Gate |
| 19:46 | Create | Villager (Male) |
| 19:46 | Create | Villager (Male) |
| 19:51 | Build | Farm |
| 19:53 | Build | Farm |
| 19:55 | Build | Farm |
| 20:11 | Create | Villager (Male) |
| 20:19 | Create | Villager (Male) |
| 20:19 | Create | Villager (Male) |
| 20:36 | Create | Villager (Male) |
| 20:38 | Create | Hussite Wagon |
| 20:45 | Build | Farm |
| 20:45 | Build | Farm |
| 20:54 | Create | Villager (Male) |
| 21:07 | Create | Villager (Male) |
| 21:08 | Create | Villager (Male) |
| 21:18 | Build | Outpost |
| 21:27 | Build | Farm |
| 21:35 | Build | Farm |
| 21:36 | Build | Farm |
| 21:54 | Build | Farm |
| 21:56 | Create | Villager (Male) |
| 21:59 | Create | Villager (Male) |
| 22:18 | Build | Farm |
| 22:21 | Create | Villager (Male) |
| 22:22 | Create | Villager (Male) |
| 22:30 | Build | Farm |
| 22:35 | Build | Farm |
| 22:55 | Create | Villager (Male) |
| 22:56 | Create | Villager (Male) |
| 23:01 | Build | Farm |
| 23:19 | Build | Mining Camp |
| 23:39 | Research | Imperial Age |
| 24:01 | Build | University |
| 24:04 | Create | Villager (Male) |
| 24:04 | Create | Villager (Male) |
| 24:19 | Build | House |
| 24:20 | Build | House |
| 24:45 | Create | Villager (Male) |
| 24:46 | Create | Villager (Male) |
| 25:13 | Research | Chemistry |
| 25:26 | Build | Siege Workshop |
| 25:31 | Create | Villager (Male) |
| 25:31 | Create | Villager (Male) |
| 25:38 | Build | Farm |
| 25:58 | Build | Barracks |
| 26:03 | Create | Villager (Male) |
| 26:03 | Create | Villager (Male) |
| 26:43 | Create | Villager (Male) |
| 26:44 | Create | Villager (Male) |
| 26:44 | Create | Villager (Male) |
| 26:44 | Create | Villager (Male) |
| 26:45 | Create | Villager (Male) |
| 26:45 | Create | Villager (Male) |
| 26:49 | Age | Imperial Age |
| 26:56 | Create | Bombard Cannon |
| 27:09 | Research | Two-Man Saw |
| 27:09 | Create | Villager (Male) |
| 27:22 | Build | Archery Range |
| 27:31 | Create | Villager (Male) |
| 27:31 | Create | Villager (Male) |
| 27:39 | Research | Padded Archer Armor |
| 27:47 | Research | Conscription |
| 27:50 | Create | Trebuchet (Packed) |
| 28:07 | Create | Hand Cannoneer |
| 28:07 | Create | Hand Cannoneer |
| 28:08 | Create | Hand Cannoneer |
Build order — yesila
First 150 of 410 actions detected
| 0:00 | Create | Villager (Male) |
| 0:00 | Create | Villager (Male) |
| 0:02 | Build | House |
| 0:03 | Build | House |
| 0:28 | Create | Villager (Male) |
| 0:29 | Create | Villager (Male) |
| 0:29 | Create | Villager (Male) |
| 0:56 | Build | Palisade Wall |
| 1:16 | Create | Villager (Male) |
| 1:17 | Create | Villager (Male) |
| 1:56 | Create | Villager (Male) |
| 2:08 | Build | Lumber Camp |
| 2:29 | Create | Villager (Male) |
| 2:51 | Create | Villager (Male) |
| 2:51 | Create | Villager (Male) |
| 2:51 | Create | Villager (Male) |
| 3:24 | Build | House |
| 3:29 | Create | Villager (Male) |
| 3:29 | Create | Villager (Male) |
| 3:43 | Create | Villager (Male) |
| 3:43 | Create | Villager (Male) |
| 4:09 | Create | Villager (Male) |
| 4:09 | Create | Villager (Male) |
| 4:34 | Build | Palisade Wall |
| 4:56 | Create | Villager (Male) |
| 5:21 | Create | Villager (Male) |
| 5:36 | Create | Villager (Male) |
| 5:36 | Create | Villager (Male) |
| 5:46 | Build | House |
| 6:33 | Build | Mill |
| 6:37 | Create | Villager (Male) |
| 6:44 | Build | House |
| 7:14 | Create | Villager (Male) |
| 7:39 | Build | House |
| 7:43 | Research | Feudal Age |
| 7:43 | Research | Feudal Age |
| 8:37 | Create | Villager (Male) |
| 9:53 | Age | Feudal Age |
| 9:56 | Build | Town Center |
| 10:11 | Research | Double-Bit Axe |
| 10:11 | Research | Double-Bit Axe |
| 10:12 | Create | Villager (Male) |
| 10:48 | Create | Villager (Male) |
| 10:59 | Create | Villager (Male) |
| 11:11 | Research | Horse Collar |
| 11:11 | Research | Horse Collar |
| 11:17 | Create | Villager (Male) |
| 11:32 | Create | Villager (Male) |
| 11:50 | Create | Villager (Male) |
| 11:50 | Create | Villager (Male) |
| 11:53 | Create | Villager (Male) |
| 11:53 | Create | Villager (Male) |
| 12:02 | Build | Farm |
| 12:04 | Build | Farm |
| 12:16 | Create | Villager (Male) |
| 12:21 | Build | Farm |
| 12:39 | Build | Farm |
| 12:39 | Build | Farm |
| 12:40 | Build | Farm |
| 12:45 | Create | Villager (Male) |
| 12:46 | Create | Villager (Male) |
| 13:03 | Build | Farm |
| 13:10 | Build | Farm |
| 13:12 | Create | Villager (Male) |
| 13:28 | Build | Farm |
| 13:30 | Research | Wheelbarrow |
| 13:36 | Create | Villager (Male) |
| 13:51 | Build | Mining Camp |
| 14:03 | Create | Villager (Male) |
| 14:03 | Create | Villager (Male) |
| 14:11 | Build | Farm |
| 14:17 | Build | Farm |
| 14:21 | Create | Villager (Male) |
| 14:21 | Create | Villager (Male) |
| 14:54 | Build | Farm |
| 15:01 | Build | Farm |
| 15:02 | Create | Villager (Male) |
| 15:02 | Create | Villager (Male) |
| 15:17 | Build | Farm |
| 15:23 | Build | Farm |
| 15:28 | Build | House |
| 15:29 | Build | House |
| 15:34 | Create | Villager (Male) |
| 15:55 | Build | Farm |
| 15:56 | Build | Farm |
| 15:57 | Build | Farm |
| 16:01 | Create | Villager (Male) |
| 16:01 | Create | Villager (Male) |
| 16:14 | Build | House |
| 16:15 | Build | House |
| 16:16 | Build | House |
| 16:17 | Create | Villager (Male) |
| 16:19 | Create | Villager (Male) |
| 16:24 | Research | Gold Mining |
| 16:25 | Research | Gold Mining |
| 16:25 | Create | Villager (Male) |
| 16:39 | Create | Villager (Male) |
| 17:13 | Create | Villager (Male) |
| 17:13 | Create | Villager (Male) |
| 17:31 | Build | Blacksmith |
| 17:34 | Build | Barracks |
| 17:56 | Create | Villager (Male) |
| 17:56 | Create | Villager (Male) |
| 18:10 | Build | Stable |
| 18:17 | Build | Farm |
| 18:17 | Build | Farm |
| 18:17 | Build | Farm |
| 18:17 | Build | Farm |
| 18:18 | Build | Farm |
| 18:18 | Build | Farm |
| 18:39 | Research | Castle Age |
| 18:39 | Research | Castle Age |
| 18:42 | Create | Villager (Male) |
| 18:42 | Create | Villager (Male) |
| 18:53 | Build | Stable |
| 18:58 | Research | Bloodlines |
| 19:00 | Research | Scale Barding Armor |
| 19:00 | Research | Forging |
| 19:00 | Research | Forging |
| 19:01 | Create | Villager (Male) |
| 19:01 | Create | Villager (Male) |
| 19:22 | Build | Stable |
| 19:30 | Create | Villager (Male) |
| 19:43 | Build | Farm |
| 19:43 | Build | Farm |
| 19:45 | Build | Farm |
| 19:52 | Build | Farm |
| 19:52 | Build | Farm |
| 19:52 | Build | Farm |
| 19:56 | Create | Villager (Male) |
| 20:05 | Build | Palisade Gate |
| 20:21 | Build | Stable |
| 20:33 | Create | Villager (Male) |
| 20:37 | Build | Farm |
| 20:38 | Build | Farm |
| 20:38 | Build | Farm |
| 20:55 | Create | Villager (Male) |
| 20:56 | Create | Villager (Male) |
| 21:19 | Age | Castle Age |
| 21:19 | Create | Steppe Lancer |
| 21:19 | Create | Steppe Lancer |
| 21:20 | Create | Steppe Lancer |
| 21:20 | Create | Steppe Lancer |
| 21:22 | Research | Iron Casting |
| 21:22 | Research | Iron Casting |
| 21:22 | Create | Villager (Male) |
| 21:23 | Create | Villager (Male) |
| 21:26 | Research | Bow Saw |
| 21:26 | Research | Bow Saw |
| 21:30 | Research | Heavy Plow |
Build order — Flowren
First 150 of 306 actions detected
| 0:01 | Create | Villager (Male) ×4 |
| 0:01 | Create | Villager (Male) ×4 |
| 0:02 | Build | House |
| 0:03 | Build | House |
| 1:26 | Create | Villager (Male) |
| 1:26 | Create | Villager (Male) |
| 1:47 | Build | Settlement |
| 1:53 | Create | Villager (Male) |
| 1:54 | Create | Villager (Male) |
| 2:17 | Create | Villager (Male) |
| 2:18 | Create | Villager (Male) |
| 2:54 | Create | Villager (Male) |
| 2:54 | Create | Villager (Male) |
| 3:06 | Create | Villager (Male) |
| 3:43 | Create | Villager (Male) |
| 3:43 | Create | Villager (Male) |
| 4:39 | Build | House |
| 4:48 | Create | Villager (Male) ×4 |
| 5:25 | Build | Settlement |
| 5:58 | Create | Villager (Male) |
| 5:58 | Create | Villager (Male) |
| 6:16 | Create | Villager (Male) |
| 6:29 | Create | Villager (Male) |
| 7:40 | Create | Villager (Male) |
| 7:42 | Create | Villager (Male) |
| 8:22 | Research | Feudal Age |
| 10:12 | Create | Villager (Male) |
| 10:12 | Create | Villager (Male) |
| 11:08 | Age | Feudal Age |
| 11:11 | Build | Market |
| 11:16 | Build | Blacksmith |
| 11:48 | Research | Double-Bit Axe |
| 12:01 | Research | Castle Age |
| 12:01 | Research | Castle Age |
| 12:10 | Build | Settlement |
| 12:21 | Research | Horse Collar |
| 13:11 | Build | Barracks |
| 13:54 | Create | Villager (Male) |
| 14:34 | Build | Farm |
| 14:35 | Build | Farm |
| 14:41 | Age | Castle Age |
| 14:44 | Create | Villager (Male) |
| 14:46 | Build | Town Center |
| 14:59 | Create | Villager (Male) |
| 15:02 | Build | Town Center |
| 15:04 | Create | Villager (Male) |
| 15:20 | Create | Villager (Male) |
| 15:38 | Research | Bow Saw |
| 16:10 | Build | Monastery |
| 16:19 | Create | Villager (Male) |
| 16:33 | Build | Farm |
| 16:37 | Build | Farm |
| 16:38 | Create | Villager (Male) |
| 16:46 | Create | Villager (Male) |
| 16:47 | Create | Villager (Male) |
| 16:53 | Build | Farm |
| 16:54 | Build | Farm |
| 16:57 | Build | Farm |
| 16:59 | Build | Farm |
| 17:00 | Create | Villager (Male) ×5 |
| 17:01 | Create | Monk |
| 17:05 | Build | Farm |
| 17:17 | Create | Villager (Male) |
| 17:20 | Build | Farm |
| 17:21 | Create | Villager (Male) |
| 17:28 | Build | Farm |
| 17:33 | Build | House |
| 17:34 | Build | House |
| 17:36 | Build | House |
| 17:41 | Build | Farm |
| 17:42 | Create | Villager (Male) |
| 17:45 | Create | Monk |
| 17:53 | Build | Farm |
| 17:54 | Build | Farm |
| 17:55 | Build | Farm |
| 17:58 | Create | Villager (Male) |
| 18:18 | Build | Farm |
| 18:20 | Build | Farm |
| 18:21 | Create | Villager (Male) |
| 18:24 | Build | Farm |
| 18:46 | Create | Villager (Male) ×2 |
| 18:50 | Build | Farm |
| 18:54 | Create | Villager (Male) |
| 18:56 | Build | Farm |
| 19:06 | Build | House |
| 19:07 | Build | House |
| 19:30 | Create | Villager (Male) ×3 |
| 19:34 | Build | Farm |
| 19:38 | Build | Farm |
| 19:39 | Build | Farm |
| 19:42 | Build | Farm |
| 19:43 | Build | Farm |
| 19:47 | Research | Heavy Plow |
| 19:53 | Build | Farm |
| 19:54 | Build | Farm |
| 19:54 | Build | Farm |
| 19:55 | Create | Villager (Male) |
| 20:01 | Build | Farm |
| 20:03 | Build | Farm |
| 20:09 | Build | House |
| 20:12 | Create | Villager (Male) |
| 20:19 | Build | Farm |
| 20:19 | Create | Villager (Male) |
| 20:21 | Create | Villager (Male) |
| 20:28 | Build | Farm |
| 20:28 | Create | Villager (Male) |
| 20:47 | Create | Villager (Male) ×2 |
| 20:52 | Build | Farm |
| 20:55 | Build | Farm |
| 20:56 | Create | Villager (Male) |
| 21:04 | Build | Farm |
| 21:04 | Create | Villager (Male) ×3 |
| 21:06 | Build | Farm |
| 21:14 | Create | Villager (Male) |
| 21:21 | Build | Town Center |
| 21:25 | Build | Farm |
| 21:29 | Create | Villager (Male) |
| 21:31 | Research | Wheelbarrow |
| 21:32 | Research | Wheelbarrow |
| 21:46 | Create | Villager (Male) |
| 21:47 | Research | Loom |
| 21:50 | Build | Farm |
| 21:52 | Create | Villager (Male) |
| 22:03 | Create | Villager (Male) ×5 |
| 22:08 | Build | House |
| 22:10 | Build | House |
| 22:11 | Build | House |
| 22:11 | Build | House |
| 22:12 | Build | House |
| 22:14 | Create | Villager (Male) |
| 22:17 | Build | Farm |
| 22:17 | Create | Villager (Male) |
| 22:20 | Create | Villager (Male) |
| 22:30 | Build | Town Center |
| 22:49 | Build | Farm |
| 22:50 | Build | Farm |
| 22:51 | Create | Villager (Male) ×5 |
| 22:53 | Build | Farm |
| 22:54 | Create | Villager (Male) ×2 |
| 22:57 | Build | Farm |
| 22:58 | Create | Villager (Male) |
| 23:01 | Build | Farm |
| 23:02 | Create | Villager (Male) |
| 23:23 | Create | Villager (Male) ×4 |
| 23:27 | Build | Farm |
| 23:43 | Build | University |
| 23:51 | Create | Villager (Male) |
| 23:57 | Build | Archery Range |
| 23:58 | Research | Fletching |
| 24:02 | Create | Villager (Male) ×5 |
Build order — 摸鱼
First 150 of 264 actions detected
| 0:01 | Create | Villager (Male) |
| 0:01 | Create | Villager (Male) |
| 0:02 | Build | House |
| 0:04 | Build | Barracks |
| 0:06 | Build | House |
| 0:24 | Create | Villager (Male) |
| 0:34 | Create | Villager (Male) |
| 1:03 | Create | Unit 2550 |
| 1:40 | Create | Villager (Male) |
| 1:40 | Create | Villager (Male) |
| 2:01 | Create | Villager (Male) |
| 2:01 | Create | Villager (Male) |
| 2:35 | Create | Villager (Male) |
| 2:35 | Create | Villager (Male) |
| 2:58 | Create | Villager (Male) |
| 2:59 | Create | Villager (Male) |
| 3:24 | Create | Villager (Male) |
| 3:34 | Create | Villager (Male) |
| 3:54 | Research | Loom |
| 4:04 | Create | Unit 2550 |
| 4:14 | Build | House |
| 4:44 | Create | Villager (Male) |
| 4:44 | Create | Villager (Male) |
| 4:50 | Create | Unit 2550 |
| 5:14 | Build | House |
| 5:33 | Create | Villager (Male) |
| 5:54 | Create | Villager (Male) |
| 5:55 | Create | Villager (Male) |
| 5:56 | Create | Villager (Male) |
| 6:07 | Create | Villager (Male) |
| 6:08 | Create | Villager (Male) |
| 6:18 | Create | Villager (Male) |
| 6:55 | Build | Palisade Wall |
| 7:22 | Build | Palisade Wall |
| 7:44 | Create | Villager (Male) |
| 7:45 | Create | Villager (Male) |
| 7:48 | Create | Villager (Male) |
| 7:48 | Create | Villager (Male) |
| 7:51 | Create | Villager (Male) |
| 7:56 | Build | Settlement |
| 7:59 | Create | Villager (Male) |
| 7:59 | Create | Villager (Male) |
| 8:13 | Build | House |
| 8:14 | Build | House |
| 8:41 | Create | Villager (Male) |
| 9:04 | Create | Villager (Male) |
| 9:04 | Create | Villager (Male) |
| 9:18 | Create | Villager (Male) |
| 9:25 | Build | House |
| 9:45 | Create | Villager (Male) |
| 10:01 | Build | Outpost |
| 10:25 | Create | Villager (Male) |
| 10:29 | Build | Palisade Wall |
| 10:31 | Create | Villager (Male) |
| 10:52 | Build | Palisade Wall |
| 11:00 | Create | Villager (Male) |
| 11:13 | Create | Villager (Male) |
| 11:17 | Build | Settlement |
| 11:28 | Create | Villager (Male) |
| 11:34 | Create | Villager (Male) |
| 11:53 | Build | Palisade Wall |
| 11:58 | Build | Palisade Wall |
| 12:00 | Build | Palisade Wall |
| 12:09 | Build | Palisade Wall |
| 12:11 | Build | Palisade Wall |
| 12:19 | Build | Palisade Wall |
| 12:21 | Build | Palisade Wall |
| 12:24 | Build | Palisade Wall |
| 12:27 | Build | Palisade Wall |
| 12:30 | Build | Palisade Wall |
| 12:35 | Create | Villager (Male) |
| 12:37 | Research | Feudal Age |
| 12:43 | Create | Villager (Male) |
| 12:56 | Create | Villager (Male) |
| 13:34 | Build | Settlement |
| 13:35 | Create | Villager (Male) |
| 13:50 | Build | Settlement |
| 14:10 | Create | Villager (Male) |
| 15:10 | Age | Feudal Age |
| 15:23 | Build | Stone Wall |
| 15:29 | Build | Market |
| 15:53 | Create | Villager (Male) |
| 15:56 | Create | Villager (Male) |
| 16:21 | Build | Stone Wall |
| 16:23 | Build | Gate |
| 16:29 | Build | Stone Wall |
| 16:38 | Create | Villager (Male) |
| 16:44 | Build | Farm |
| 16:44 | Build | Farm |
| 17:00 | Build | Blacksmith |
| 17:38 | Create | Villager (Male) |
| 17:49 | Research | Castle Age |
| 17:49 | Research | Castle Age |
| 17:54 | Build | Settlement |
| 18:10 | Research | Double-Bit Axe |
| 18:49 | Research | Horse Collar |
| 19:17 | Research | Stone Mining |
| 19:31 | Create | Villager (Male) |
| 19:33 | Create | Unit 2550 |
| 19:43 | Research | Gold Mining |
| 19:44 | Create | Villager (Male) |
| 19:47 | Build | Farm |
| 19:48 | Build | Farm |
| 20:04 | Build | Farm |
| 20:43 | Age | Castle Age |
| 20:50 | Build | Monastery |
| 20:51 | Create | Villager (Male) |
| 20:52 | Create | Villager (Male) |
| 20:57 | Research | Bow Saw |
| 20:57 | Research | Bow Saw |
| 21:00 | Create | Villager (Male) |
| 21:27 | Build | Settlement |
| 21:35 | Create | Monk |
| 21:35 | Create | Monk |
| 21:39 | Create | Villager (Male) |
| 22:01 | Build | Castle |
| 22:02 | Create | Villager (Male) |
| 22:24 | Build | Castle |
| 22:30 | Create | Villager (Male) |
| 22:47 | Build | Outpost |
| 23:03 | Build | Stone Wall |
| 23:05 | Build | Stone Wall |
| 23:08 | Create | Monk |
| 23:25 | Create | Villager (Male) |
| 23:25 | Create | Villager (Male) |
| 23:44 | Create | Villager (Male) |
| 23:44 | Create | Villager (Male) |
| 23:45 | Create | Unit 2579 |
| 23:45 | Create | Unit 2579 |
| 23:48 | Build | Settlement |
| 24:06 | Create | Petard |
| 24:06 | Create | Petard |
| 24:23 | Build | Town Center |
| 24:33 | Build | Stone Wall |
| 25:04 | Create | Villager (Male) |
| 25:12 | Create | Unit 2579 |
| 25:12 | Create | Unit 2579 |
| 25:15 | Build | Farm |
| 25:16 | Build | Farm |
| 25:16 | Build | Farm |
| 25:16 | Build | Farm |
| 25:43 | Build | Stone Wall |
| 25:51 | Create | Trade Cart |
| 25:52 | Create | Villager (Male) |
| 25:52 | Create | Villager (Male) |
| 25:52 | Create | Villager (Male) |
| 25:52 | Create | Villager (Male) |
| 25:53 | Create | Villager (Male) |
| 26:02 | Create | Unit 2579 |
| 26:02 | Create | Unit 2579 |
Build order — Stanislav
136 actions detected in the replay
| 0:00 | Create | Villager (Male) |
| 0:01 | Create | Villager (Male) |
| 0:01 | Create | Villager (Male) |
| 0:02 | Build | House |
| 0:04 | Build | House |
| 0:34 | Build | Palisade Wall |
| 0:36 | Build | Palisade Wall |
| 0:42 | Create | Villager (Male) |
| 0:42 | Create | Villager (Male) |
| 2:03 | Build | House |
| 2:04 | Create | Villager (Male) |
| 2:20 | Create | Villager (Male) |
| 2:53 | Create | Villager (Male) |
| 3:18 | Build | Lumber Camp |
| 3:26 | Create | Villager (Male) |
| 3:35 | Create | Villager (Male) |
| 4:05 | Build | House |
| 4:16 | Create | Villager (Male) |
| 4:43 | Create | Villager (Male) |
| 5:04 | Create | Villager (Male) |
| 5:08 | Build | House |
| 5:34 | Create | Villager (Male) |
| 6:00 | Create | Villager (Male) |
| 6:39 | Create | Villager (Male) |
| 6:50 | Create | Villager (Male) |
| 6:57 | Create | Villager (Male) |
| 7:00 | Build | House |
| 7:40 | Create | Villager (Male) |
| 7:51 | Build | House |
| 8:03 | Create | Villager (Male) |
| 8:23 | Create | Villager (Male) |
| 8:46 | Create | Villager (Male) |
| 9:10 | Create | Villager (Male) |
| 9:18 | Research | Loom |
| 9:26 | Build | House |
| 9:39 | Create | Villager (Male) |
| 10:14 | Create | Villager (Male) |
| 11:17 | Create | Villager (Male) |
| 11:22 | Build | Mill |
| 11:40 | Create | Villager (Male) |
| 12:30 | Build | House |
| 12:33 | Create | Villager (Male) |
| 12:43 | Build | Mill |
| 12:55 | Create | Villager (Male) |
| 13:16 | Create | Villager (Male) |
| 13:23 | Build | House |
| 13:44 | Build | Farm |
| 13:48 | Build | Farm |
| 13:55 | Build | Farm |
| 13:57 | Create | Villager (Male) |
| 13:59 | Build | Farm |
| 14:15 | Create | Villager (Male) |
| 14:44 | Create | Villager (Male) |
| 15:13 | Build | Palisade Wall |
| 15:20 | Create | Villager (Male) |
| 15:23 | Build | Palisade Wall |
| 15:30 | Build | Palisade Wall |
| 15:34 | Build | Palisade Wall |
| 15:40 | Create | Villager (Male) |
| 16:07 | Research | Feudal Age |
| 16:07 | Research | Feudal Age |
| 16:30 | Build | House |
| 16:54 | Build | Mining Camp |
| 17:18 | Build | House |
| 17:25 | Create | Villager (Male) |
| 17:25 | Create | Villager (Male) |
| 17:34 | Build | Mining Camp |
| 18:20 | Age | Feudal Age |
| 18:24 | Build | Market |
| 18:26 | Build | Blacksmith |
| 18:31 | Research | Double-Bit Axe |
| 19:12 | Research | Castle Age |
| 19:12 | Research | Castle Age |
| 19:19 | Research | Gold Mining |
| 19:21 | Research | Stone Mining |
| 19:22 | Research | Stone Mining |
| 19:23 | Research | Horse Collar |
| 19:23 | Research | Horse Collar |
| 19:36 | Build | Farm |
| 19:40 | Build | Farm |
| 20:04 | Research | Scale Mail Armor |
| 20:05 | Research | Forging |
| 20:10 | Research | Fletching |
| 20:11 | Research | Scale Mail Armor |
| 20:41 | Research | Forging |
| 21:01 | Build | Lumber Camp |
| 21:08 | Build | Outpost |
| 21:17 | Build | Lumber Camp |
| 21:33 | Build | Outpost |
| 21:37 | Create | Villager (Male) |
| 21:52 | Age | Castle Age |
| 21:59 | Build | Castle |
| 22:10 | Research | Bodkin Arrow |
| 22:12 | Create | Villager (Male) |
| 22:21 | Create | Villager (Male) |
| 22:32 | Build | Town Center |
| 22:45 | Build | Siege Workshop |
| 22:46 | Create | Villager (Male) |
| 22:48 | Create | Villager (Male) |
| 22:57 | Create | Shotel Warrior |
| 23:02 | Create | Shotel Warrior |
| 23:22 | Build | House |
| 23:25 | Build | House |
| 23:30 | Create | Shotel Warrior |
| 23:35 | Build | House |
| 23:46 | Build | House |
| 23:52 | Create | Shotel Warrior |
| 23:54 | Build | Palisade Wall |
| 23:58 | Build | Palisade Wall |
| 24:02 | Build | Palisade Wall |
| 24:07 | Build | Palisade Wall |
| 24:28 | Build | Gate |
| 24:53 | Create | Villager (Male) |
| 25:13 | Build | Farm |
| 25:37 | Create | Villager (Male) |
| 25:46 | Create | Battering Ram |
| 26:06 | Create | Shotel Warrior |
| 26:07 | Create | Villager (Male) |
| 26:21 | Create | Villager (Male) |
| 26:25 | Build | Farm |
| 26:27 | Build | Farm |
| 26:29 | Build | Farm |
| 26:31 | Build | Farm |
| 26:34 | Build | Farm |
| 26:44 | Create | Battering Ram |
| 26:50 | Create | Shotel Warrior |
| 26:54 | Create | Villager (Male) |
| 27:12 | Build | Farm |
| 27:13 | Build | Farm |
| 27:50 | Create | Villager (Male) |
| 27:56 | Create | Villager (Male) |
| 28:28 | Create | Villager (Male) |
| 28:29 | Create | Villager (Male) |
| 28:30 | Create | Villager (Male) |
| 28:33 | Build | Farm |
| 28:35 | Build | Farm |
Build order — Prigozhin
First 150 of 363 actions detected
| 0:00 | Create | Villager (Male) |
| 0:00 | Create | Villager (Male) |
| 0:01 | Create | Villager (Male) |
| 0:01 | Create | Villager (Male) |
| 0:01 | Create | Villager (Male) |
| 0:03 | Build | House |
| 0:04 | Build | House |
| 1:12 | Create | Villager (Male) |
| 1:12 | Create | Villager (Male) |
| 1:12 | Create | Villager (Male) |
| 1:46 | Create | Villager (Male) |
| 1:46 | Create | Villager (Male) |
| 1:46 | Create | Villager (Male) |
| 2:11 | Create | Villager (Male) |
| 2:11 | Create | Villager (Male) |
| 2:16 | Build | Lumber Camp |
| 2:32 | Create | Villager (Male) |
| 2:32 | Create | Villager (Male) |
| 2:33 | Create | Villager (Male) |
| 3:12 | Create | Villager (Male) |
| 3:13 | Create | Villager (Male) |
| 3:13 | Create | Villager (Male) |
| 3:16 | Research | Double-Bit Axe |
| 3:19 | Create | Villager (Male) |
| 3:19 | Create | Villager (Male) |
| 3:19 | Create | Villager (Male) |
| 3:31 | Build | House |
| 3:42 | Create | Villager (Male) |
| 3:42 | Create | Villager (Male) |
| 3:43 | Create | Villager (Male) |
| 3:58 | Create | Villager (Male) |
| 3:58 | Create | Villager (Male) |
| 4:23 | Create | Villager (Male) |
| 4:23 | Create | Villager (Male) |
| 4:23 | Create | Villager (Male) |
| 4:48 | Create | Villager (Male) |
| 4:48 | Create | Villager (Male) |
| 4:59 | Create | Villager (Male) |
| 4:59 | Create | Villager (Male) |
| 4:59 | Create | Villager (Male) |
| 5:29 | Build | Mill |
| 5:35 | Build | House |
| 6:10 | Create | Villager (Male) |
| 6:16 | Create | Villager (Male) |
| 6:50 | Create | Villager (Male) |
| 7:25 | Research | Feudal Age |
| 7:25 | Research | Feudal Age |
| 7:25 | Research | Feudal Age |
| 7:32 | Build | House |
| 7:42 | Build | Mining Camp |
| 8:42 | Create | Villager (Male) |
| 8:42 | Create | Villager (Male) |
| 9:14 | Build | House |
| 9:29 | Build | House |
| 9:40 | Age | Feudal Age |
| 9:42 | Build | Market |
| 9:44 | Build | Blacksmith |
| 10:44 | Research | Castle Age |
| 10:44 | Research | Castle Age |
| 10:44 | Research | Castle Age |
| 11:09 | Build | House |
| 11:40 | Build | House |
| 11:53 | Research | Bow Saw |
| 11:56 | Research | Horse Collar |
| 12:20 | Build | House |
| 12:44 | Research | Heavy Plow |
| 12:56 | Build | House |
| 13:00 | Create | Villager (Male) |
| 13:24 | Age | Castle Age |
| 13:29 | Build | Monastery |
| 13:38 | Create | Villager (Male) |
| 13:42 | Build | Town Center |
| 13:52 | Create | Villager (Male) |
| 14:11 | Build | House |
| 14:13 | Create | Villager (Male) |
| 14:16 | Create | Monk |
| 14:39 | Build | House |
| 14:49 | Create | Villager (Male) |
| 15:03 | Build | Town Center |
| 15:11 | Create | Villager (Male) |
| 15:13 | Create | Villager (Male) |
| 15:14 | Create | Villager (Male) |
| 15:22 | Create | Villager (Male) |
| 15:25 | Research | Wheelbarrow |
| 15:29 | Create | Monk |
| 15:35 | Build | Farm |
| 15:37 | Build | Farm |
| 15:45 | Create | Villager (Male) |
| 15:56 | Build | Farm |
| 15:57 | Build | Farm |
| 16:02 | Build | Farm |
| 16:03 | Build | Farm |
| 16:05 | Create | Villager (Male) |
| 16:08 | Build | Farm |
| 16:19 | Build | Farm |
| 16:21 | Create | Villager (Male) |
| 16:27 | Create | Villager (Male) |
| 16:37 | Create | Monk |
| 16:42 | Create | Villager (Male) |
| 16:46 | Build | Farm |
| 16:48 | Build | Farm |
| 16:51 | Build | Farm |
| 16:51 | Create | Villager (Male) |
| 16:56 | Build | Farm |
| 17:02 | Build | Farm |
| 17:08 | Create | Villager (Male) |
| 17:08 | Create | Villager (Male) |
| 17:08 | Create | Villager (Male) |
| 17:11 | Build | Farm |
| 17:15 | Create | Villager (Male) |
| 17:15 | Create | Villager (Male) |
| 17:15 | Create | Villager (Male) |
| 17:35 | Create | Villager (Male) |
| 17:36 | Create | Villager (Male) |
| 17:36 | Create | Villager (Male) |
| 17:36 | Create | Villager (Male) |
| 17:39 | Build | Farm |
| 17:43 | Build | Farm |
| 17:45 | Build | Farm |
| 17:50 | Build | Farm |
| 17:52 | Build | Farm |
| 17:52 | Create | Villager (Male) |
| 17:53 | Create | Villager (Male) |
| 17:53 | Create | Villager (Male) |
| 17:58 | Research | Fervor |
| 18:00 | Create | Villager (Male) |
| 18:00 | Create | Villager (Male) |
| 18:06 | Build | House |
| 18:06 | Build | House |
| 18:11 | Build | House |
| 18:13 | Create | Villager (Male) |
| 18:13 | Create | Villager (Male) |
| 18:13 | Create | Villager (Male) |
| 18:17 | Build | Farm |
| 18:21 | Build | Farm |
| 18:23 | Build | Farm |
| 18:24 | Create | Villager (Male) |
| 18:34 | Build | Farm |
| 18:35 | Create | Villager (Male) |
| 18:36 | Create | Villager (Male) |
| 18:47 | Create | Villager (Male) |
| 18:51 | Create | Villager (Male) |
| 18:52 | Create | Villager (Male) |
| 19:09 | Build | Farm |
| 19:12 | Create | Villager (Male) |
| 19:12 | Create | Villager (Male) |
| 19:13 | Create | Villager (Male) |
| 19:17 | Research | Gold Mining |
| 19:20 | Create | Villager (Male) |
| 19:26 | Build | Farm |
Match timeline
| 0:04 | 摸鱼 · first_building Barracks |
| 0:34 | Stanislav · wall_segment Palisade Wall x8 |
| 0:36 | Stanislav · wall_segment Palisade Wall x1 |
| 0:40 | 113152737 · wall_segment Palisade Wall x3 |
| 0:42 | 113152737 · wall_segment Palisade Wall x5 |
| 0:44 | 介之谜 · wall_segment Palisade Wall x11 |
| 0:56 | yesila · wall_segment Palisade Wall x8 |
| 1:22 | CosmicLarva · wall_segment Palisade Wall x8 |
| 1:38 | 介之谜 · wall_segment Palisade Wall x4 |
| 1:43 | 介之谜 · wall_segment Palisade Wall x2 |
| 4:34 | yesila · wall_segment Palisade Wall x5 |
| 5:22 | CosmicLarva · wall_segment Palisade Wall x1 |
| 5:24 | CosmicLarva · wall_segment Palisade Wall x2 |
| 5:56 | 113152737 · wall_segment Palisade Wall x5 |
| 5:59 | 113152737 · wall_segment Palisade Wall x7 |
| 6:06 | CosmicLarva · wall_segment Palisade Wall x1 |
| 6:55 | 摸鱼 · wall_segment Palisade Wall x1 |
| 7:22 | 摸鱼 · wall_segment Palisade Wall x8 |
| 8:12 | 113152737 · wall_segment Palisade Wall x3 |
| 9:12 | 113152737 · wall_segment Palisade Wall x1 |
| 9:13 | 113152737 · wall_segment Palisade Wall x1 |
| 9:18 | 113152737 · wall_segment Palisade Wall x3 |
| 9:40 | Prigozhin · age_up feudal |
| 9:53 | yesila · age_up feudal |
| 10:29 | 摸鱼 · wall_segment Palisade Wall x11 |
| 10:52 | 摸鱼 · wall_segment Palisade Wall x1 |
| 10:55 | 113152737 · age_up feudal |
| 10:59 | 介之谜 · age_up feudal |
| 11:01 | 113152737 · wall_segment Stone Wall x2 |
| 11:05 | 113152737 · wall_segment Stone Wall x2 |
| 11:07 | 介之谜 · wall_segment Stone Wall x5 |
| 11:08 | Flowren · age_up feudal |
| 11:18 | 介之谜 · wall_segment Stone Wall x7 |
| 11:26 | 113152737 · wall_segment Stone Wall x9 |
| 11:32 | CosmicLarva · age_up feudal |
| 11:36 | CosmicLarva · wall_segment Stone Wall x8 |
| 11:38 | 113152737 · wall_segment Stone Wall x3 |
| 11:53 | 摸鱼 · wall_segment Palisade Wall x7 |
| 11:58 | 摸鱼 · wall_segment Palisade Wall x2 |
| 12:00 | 摸鱼 · wall_segment Palisade Wall x6 |
| 12:06 | 113152737 · first_market_sell 100 wood |
| 12:09 | 摸鱼 · wall_segment Palisade Wall x1 |
| 12:11 | 摸鱼 · wall_segment Palisade Wall x1 |
| 12:19 | 摸鱼 · wall_segment Palisade Wall x1 |
| 12:21 | 摸鱼 · wall_segment Palisade Wall x1 |
| 12:24 | 摸鱼 · wall_segment Palisade Wall x1 |
| 12:27 | 摸鱼 · wall_segment Palisade Wall x1 |
| 12:30 | 摸鱼 · wall_segment Palisade Wall x1 |
| 12:41 | Prigozhin · first_market_buy 100 food |
| 12:42 | 113152737 · wall_segment Stone Wall x4 |
| 12:45 | 113152737 · wall_segment Stone Wall x4 |
| 13:11 | 113152737 · wall_segment Stone Wall x3 |
| 13:11 | Flowren · first_building Barracks |
| 13:12 | 113152737 · wall_segment Stone Wall x1 |
| 13:16 | 113152737 · wall_segment Stone Wall x6 |
| 13:18 | CosmicLarva · wall_segment Stone Wall x9 |
| 13:21 | CosmicLarva · wall_segment Stone Wall x7 |
| 13:24 | Prigozhin · age_up castle |
| 13:29 | Prigozhin · first_building Monastery |
| 14:41 | Flowren · age_up castle |
| 14:57 | 113152737 · age_up castle |
| 15:10 | 摸鱼 · age_up feudal |
| 15:13 | Stanislav · wall_segment Palisade Wall x1 |
| 15:23 | Stanislav · wall_segment Palisade Wall x1 |
| 15:23 | 摸鱼 · wall_segment Stone Wall x1 |
| 15:27 | 113152737 · first_market_buy 100 stone |
| 15:30 | Stanislav · wall_segment Palisade Wall x1 |
| 15:34 | 介之谜 · age_up castle |
| 15:34 | Stanislav · wall_segment Palisade Wall x1 |
| 15:38 | CosmicLarva · age_up castle |
| 15:52 | CosmicLarva · first_market_buy 100 stone |
| 16:10 | Flowren · first_building Monastery |
| 16:21 | 摸鱼 · wall_segment Stone Wall x6 |
| 16:24 | 113152737 · first_building Monastery |
| 16:29 | 摸鱼 · wall_segment Stone Wall x1 |
| 16:34 | 介之谜 · first_building Castle |
| 17:12 | 摸鱼 · first_market_buy 100 food |
| 17:22 | 摸鱼 · first_market_sell 100 wood |
| 17:34 | yesila · first_building Barracks |
| 18:10 | yesila · first_building Stable |
| 18:20 | Stanislav · age_up feudal |
| 18:30 | 113152737 · wall_segment Stone Wall x1 |
| 18:41 | 113152737 · wall_segment Stone Wall x1 |
| 18:46 | 113152737 · wall_segment Stone Wall x5 |
| 20:43 | 摸鱼 · age_up castle |
| 20:50 | 摸鱼 · first_building Monastery |
| 21:19 | yesila · age_up castle |
| 21:25 | 113152737 · wall_segment Stone Wall x3 |
| 21:27 | Prigozhin · first_market_sell 100 wood |
| 21:52 | Stanislav · age_up castle |
| 21:59 | Stanislav · first_building Castle |
| 22:01 | 摸鱼 · first_building Castle |
| 22:19 | 113152737 · first_building Siege Workshop |
| 22:45 | Stanislav · first_building Siege Workshop |
| 23:03 | 摸鱼 · wall_segment Stone Wall x1 |
| 23:05 | 摸鱼 · wall_segment Stone Wall x1 |
| 23:54 | Stanislav · wall_segment Palisade Wall x1 |
| 23:57 | Flowren · first_building Archery Range |
| 23:58 | Stanislav · wall_segment Palisade Wall x1 |
| 24:02 | Stanislav · wall_segment Palisade Wall x1 |
| 24:07 | CosmicLarva · first_building Barracks |
| 24:07 | Stanislav · wall_segment Palisade Wall x1 |
| 24:33 | 摸鱼 · wall_segment Stone Wall x10 |
| 24:39 | CosmicLarva · first_building Castle |
| 24:39 | Prigozhin · age_up imperial |
| 24:52 | 113152737 · wall_segment Stone Wall x1 |
| 25:09 | CosmicLarva · first_building Siege Workshop |
| 25:11 | Prigozhin · first_building Siege Workshop |
| 25:23 | 113152737 · wall_segment Stone Wall x1 |
| 25:26 | 介之谜 · first_building Siege Workshop |
| 25:29 | Flowren · first_market_sell 100 food |
| 25:32 | 113152737 · wall_segment Stone Wall x5 |
| 25:43 | 摸鱼 · wall_segment Stone Wall x7 |
| 25:44 | Prigozhin · first_building Barracks |
| 25:57 | CosmicLarva · wall_segment Stone Wall x2 |
| 25:58 | 介之谜 · first_building Barracks |
| 26:06 | Stanislav · first_market_buy 100 food |
| 26:16 | 113152737 · wall_segment Stone Wall x4 |
| 26:43 | 113152737 · wall_segment Stone Wall x1 |
| 26:49 | 介之谜 · age_up imperial |
| 26:54 | Flowren · wall_segment Stone Wall x8 |
| 26:59 | 113152737 · wall_segment Stone Wall x1 |
| 27:20 | 113152737 · wall_segment Stone Wall x7 |
| 27:22 | 介之谜 · first_building Archery Range |
| 27:25 | 113152737 · wall_segment Stone Wall x2 |
| 27:30 | 113152737 · wall_segment Stone Wall x4 |
| 28:15 | 113152737 · first_building Barracks |
| 28:41 | Flowren · age_up imperial |
| 28:53 | Stanislav · resign |
| 29:03 | 113152737 · wall_segment Stone Wall x5 |
| 29:19 | 摸鱼 · wall_segment Stone Wall x1 |
| 29:20 | 113152737 · wall_segment Stone Wall x1 |
| 29:25 | Flowren · first_building Castle |
| 29:25 | 摸鱼 · wall_segment Stone Wall x11 |
| 29:31 | Prigozhin · tribute_sent a jugador 1 |
| 29:31 | Prigozhin · tribute_sent a jugador 2 |
| 29:31 | Prigozhin · tribute_sent a jugador 3 |
| 29:31 | Prigozhin · tribute_sent a jugador 4 |
| 29:31 | Prigozhin · tribute_sent a jugador 5 |
| 29:31 | Prigozhin · tribute_sent a jugador 6 |
| 29:31 | Prigozhin · tribute_sent a jugador 7 |
| 29:36 | 113152737 · wall_segment Stone Wall x2 |
| 30:03 | CosmicLarva · age_up imperial |
| 30:14 | 113152737 · age_up imperial |
| 30:25 | yesila · first_building Siege Workshop |
| 30:51 | 113152737 · first_building Stable |
| 30:53 | 113152737 · first_building Archery Range |
| 31:17 | yesila · first_building Monastery |
| 32:15 | Flowren · first_market_buy 100 food |
| 32:38 | 113152737 · wall_segment Stone Wall x1 |
| 32:40 | Prigozhin · tribute_sent a jugador 1 |
| 32:40 | Prigozhin · tribute_sent a jugador 2 |
| 32:40 | Prigozhin · tribute_sent a jugador 3 |
| 32:40 | Prigozhin · tribute_sent a jugador 4 |
| 32:40 | Prigozhin · tribute_sent a jugador 5 |
| 32:40 | Prigozhin · tribute_sent a jugador 6 |
| 32:40 | Prigozhin · tribute_sent a jugador 7 |
| 33:24 | 113152737 · wall_segment Stone Wall x1 |
| 33:44 | Prigozhin · tribute_sent a jugador 1 |
| 33:44 | Prigozhin · tribute_sent a jugador 2 |
| 33:44 | Prigozhin · tribute_sent a jugador 3 |
| 33:44 | Prigozhin · tribute_sent a jugador 4 |
| 33:44 | Prigozhin · tribute_sent a jugador 5 |
| 33:44 | Prigozhin · tribute_sent a jugador 6 |
| 33:44 | Prigozhin · tribute_sent a jugador 7 |
[ AI ANALYSIS · 1 CREDIT ]
What really happened in this match?
Wolo.gg analyzes every decision: build order, eco, micro, common mistakes by bracket. Personalized analysis on WhatsApp or Discord in 30 seconds.
Civ guide
Bohemians
Perfil
Jugador #1350217